 Dungeon Crawl Stone Soup version 0.20.1-1-g8b1a95d (webtiles) character file.

51 scotch the Stinger (level 3, -10/21 HPs)
             Began as an Octopode Venom Mage on July 8, 2017.
             Mangled by a gnoll
             ... wielding a +0 spear
              (11 damage)
             ... on level 2 of the Dungeon.
             The game lasted 00:04:03 (1816 turns).

scotch the Stinger (Octopode Venom Mage)            Turns: 1816, Time: 00:04:04

Health: -10/21     AC:  1    Str:  7    XL:     3   Next: 81%
Magic:  4/6        EV: 13    Int: 18    God:
Gold:   36         SH:  0    Dex: 12    Spells: 3/6 levels left

rFire    . . .     SeeInvis .   (no weapon)
rCold    . . .     Gourm    .   (no shield)
rNeg     . . .     Faith    .   (helmet restricted)
rPois    .         Spirit   .   (no amulet)
rElec    .         Reflect  .   (no ring)
rCorr    .         Harm     .   (no ring)
MR       .....                  (no ring)
Stlth    +++.......             (no ring)
Regen    0.1/turn               (no ring)
MPRegen  0.1/turn               (no ring)
                                (no ring)
                                (no ring)

@: no status effects
A: almost no armour, stealthy swim, amphibious, 8 rings, constrict 8, camouflage
1, gelatinous body 1
a: no special abilities


You were on level 2 of the Dungeon.
You were hungry.

You visited 1 branch of the dungeon, and saw 2 of its levels.

You collected 36 gold pieces.

Inventory:

Hand Weapons
 e - a +0 dagger
Jewellery
 d - a cursed ring of loudness
Scrolls
 c - a scroll of random uselessness
 j - a scroll of remove curse {unknown}
 k - 2 scrolls of enchant armour {unknown}
 l - a scroll of magic mapping {unknown}
Potions
 g - a potion of berserk rage {unknown}
 i - a potion of curing {unknown}
 m - a potion of heal wounds {unknown}
Books
 a - a Young Poisoner's Handbook

   Spells                             Type                      Level
   a - Sting                          Conjuration/Poison           1
   b - Poisonous Vapours              Poison/Air                   2
   c - Mephitic Cloud                 Conjuration/Poison/Air       3
   d - Olgreb's Toxic Radiance        Poison                       4
   e - Venom Bolt                     Conjuration/Poison           5
Comestibles
 b - a bread ration
 f - 2 meat rations
 h - 3 chunks of flesh


   Skills:
 - Level 2.0 Dodging
 - Level 2.6 Stealth
 - Level 2.0 Spellcasting
 - Level 1.0 Conjurations
 + Level 5.6 Poison Magic


You had 3 spell levels left.
You knew the following spells:

 Your Spells              Type           Power        Failure   Level  Hunger
a - Sting                 Conj/Pois      ##..         4%          1    #......
b - Poisonous Vapours     Pois/Air       ##....       9%          2    ###....


Dungeon Overview and Level Annotations

Branches:
Dungeon (2/15)

Altars:


Innate Abilities, Weirdness & Mutations

You cannot wear most types of armour.
You are very stealthy in the water. (Stealth+)
You are amphibious.
You can wear up to eight rings at the same time.
You can use your tentacles to constrict eight enemies at once.
Your skin changes colour to match your surroundings (Stealth+).
Your rubbery body absorbs attacks. (AC +1, EV +1)


Message History

The leopard gecko bites you.
The gnoll shouts!
You tentacle-slap the leopard gecko. Your grab misses the leopard gecko.
Your squeeze misses the leopard gecko.
The leopard gecko is severely wounded.
The leopard gecko bites you. The leopard gecko closely misses you.
Unknown command.
The leopard gecko bites you but does no damage.
A goblin comes into view. It is wielding a dagger.
Unknown command.
The goblin shouts!
The leopard gecko closely misses you. The gnoll hits you with a whip!
* * * LOW HITPOINT WARNING * * *
Unknown command.
The gnoll hits you.
* * * LOW HITPOINT WARNING * * *
The gnoll hits you with a spear!
Ouch! That really hurt!
You die...

.....## ..... #....#
....# #...# #########
#...+ #.g..ggg.
#...#####.#####
######@..##........#
#.?(.lgg.g..##.###.#
#....g......##.###.#
#...........#....#.#
#......†....#..#.#.####
#############.#..#.......
#≈≈≈≈≈≈≈≈# #.#..#...####
#≈.[....≈# #.#..#.......
#≈.♣##♣.≈# #.####..####.


You could see 3 gnolls, a leopard gecko and a goblin.

Vanquished Creatures
  A gnoll (D:2)
  3 dart slugs
  A leopard gecko (D:1)
  5 bats
  A giant cockroach (D:1)
  2 goblins
  4 hobgoblins (D:1)
  3 jackals (D:1)
  2 frilled lizards (D:2)
  7 kobolds
  6 rats
35 creatures vanquished.

Notes
Turn   | Place    | Note
-------+----------+-------------------------------------------
     0 | D:1      | scotch the Octopode Venom Mage began the quest for the Orb.
     0 | D:1      | Reached XP level 1. HP: 11/11 MP: 3/3
   308 | D:1      | Reached skill level 4 in Poison Magic
   504 | D:1      | Reached XP level 2. HP: 17/17 MP: 3/5
   652 | D:1      | Learned a level 2 spell: Poisonous Vapours
  1063 | D:1      | Reached XP level 3. HP: 21/21 MP: 2/6
  1138 | D:1      | Reached skill level 5 in Poison Magic
  1816 | D:2      | HP: 1/21 [gnoll (3)]
  1816 | D:2      | Mangled by a gnoll

Skill      XL: |  1  2  3 |
---------------+----------+-----
Poison Magic   | 4 5 |  5.6
Dodging        | |  2.0
Stealth        | |  2.6
Spellcasting   | |  2.0
Conjurations   | |  1.0

Action                   || total
-------------------------++-------
Melee: Unarmed           ||    12
       Constrict         ||     3
       Tentacles         ||     2
 Cast: Sting             ||    64
  Use: Scroll            ||     2
 Stab: Sleeping          ||     1
  Eat: Chunk             ||     3
Armor: Skin              ||     1
Dodge: Dodged            ||    19
